 Dungeon Crawl Stone Soup version 0.19.5 (webtiles) character file.

7 neverEnough the Scratcher (level 1, -3/9 HPs)
             Began as a Felid Transmuter on Apr 16, 2017.
             Slain by a kobold
             ... wielding a +0 whip
              (6 damage)
             ... on level 1 of the Dungeon.
             The game lasted 00:01:22 (146 turns).

neverEnough the Scratcher (Felid Transmuter)         Turns: 146, Time: 00:01:23

Health: -3/9       AC:  1    Str:  6    XL:     1   Next: 83%
Magic:  3/4        EV: 18    Int: 14    God:
Gold:   0          SH:  0    Dex: 16    Spells: 1 memorised, 3 levels left
                                        Lives:  0   Deaths: 0

rFire  . . .     SeeInvis +       - Unarmed
rCold  . . .     Gourm    .     (armour unavailable)
rNeg   . . .     Faith    .     (shield unavailable)
rPois  .         Spirit   .     (helmet unavailable)
rElec  .         Reflect  .     (cloak unavailable)
rCorr  .         Harm     .     (gloves unavailable)
MR     .....                    (boots unavailable)
Stlth  ++........               (no amulet)
                                (no ring)
                                (no ring)

@: appendage, very slightly contaminated, quick
A: no armour, no weapons or thrown items, stealth, claws 1, fangs 3, horns 2,
see invisible, carnivore 3, speed 1, shaggy fur 1, slow metabolism 1, sharp paws
a: End Transformation


You were on level 1 of the Dungeon.
You were very full.
You had grown temporary horns.
You visited 1 branch of the dungeon, and saw 1 of its levels.

Inventory:

Missiles
 a - 12 arrows
Books
 b - a book of Changes

   Spells                             Type                      Level
   a - Beastly Appendage              Transmutation                1
   b - Sticks to Snakes               Transmutation                2
   c - Spider Form                    Transmutation/Poison         3
   d - Ice Form                       Ice/Transmutation            4
   e - Blade Hands                    Transmutation                5
Comestibles
 c - a meat ration
 f - a chunk of flesh


   Skills:
 + Level 1.1 Fighting
 + Level 3.1 Dodging
 + Level 0.8 Stealth
 + Level 3.1 Unarmed Combat
 - Level 2.0 Spellcasting
 + Level 2.2 Transmutations


You had 3 spell levels left.
You knew the following spells:

 Your Spells              Type           Power        Failure   Level  Hunger
a - Beastly Appendage     Tmut           #.....       12%         1    ##.....


Dungeon Overview and Level Annotations

Branches:
Dungeon (1/15)

Altars:


Innate Abilities, Weirdness & Mutations

You cannot wear armour.
You are incapable of wielding weapons or throwing items.
Your paws allow you to move quietly. (Stealth)
You have sharp claws.
You have razor-sharp teeth.
You have supernaturally acute eyesight. (SInv)
You are carnivorous and can eat meat at any time.
You cover ground quickly.
You are covered in fur. (AC +1)
You have a slow metabolism.
Your sharp claws are effective at attacking unaware monsters.
You have a pair of horns on your head.


Message History

You enter the shallow water.
Moving in this stuff is going to be slow.
The bat closely misses you. The bat misses you.
Casting: Beastly Appendage
Confirm with . or Enter, or press ? or * to list all spells.
You grow a pair of large bovine horns.
The bat hits you but does no damage.
Okay, then.
The bat hits you but does no damage. The bat misses you.
The bat hits you but does no damage. The bat completely misses you.
The bat completely misses you. The bat misses you.
You scratch the bat.
You kill the bat!
You closely miss the kobold. The kobold misses you.
You scratch the kobold but do no damage.
Your headbutt misses the kobold. The kobold hits you with a whip.
Ouch! That really hurt!
You die...

..### #K........# .#
#..# #......?.(####.#
##(## #.##.#......#..#
#K.######.#########K..#
##.#≈≈≈≈♣≈♣≈≈≈≈# ##.###
#.#≈.P.....♣ ≈# #..###
#.#≈PPP...♣♣♣≈# #g...##
#.#♣.P.....♣.♣###†##..#
.#
#....)..<...†K@.#.###.#
#.# ###♣.P.....P.♣#...#
#.## #.#
#≈PPP...PPP≈#..##
#..###.####
#≈.P.....P.≈####
##.##.....#
#≈...♣.♣...≈#
#####.....(..#
#≈≈≈≈♣.♣≈≈≈≈#
..............#
######.######
#########.....#
#......^...# #.....#
#..........### ###.###


You could see a kobold.

Vanquished Creatures
  A giant cockroach (D:1)
  A goblin (D:1)
  3 bats (D:1)
  3 rats (D:1)
8 creatures vanquished.

Notes
Turn   | Place    | Note
-------+----------+-------------------------------------------
     0 | D:1      | neverEnough the Felid Transmuter began the quest for the Orb.
     0 | D:1      | Reached XP level 1. HP: 9/9 MP: 4/4
   146 | D:1      | Slain by a kobold

Skill      XL: |  1 |
---------------+----+-----
Dodging        | 3 |  3.1
Fighting       | |  1.1
Stealth        | |  0.8
Unarmed Combat | |  3.1
Spellcasting   | |  2.0
Transmutations | |  2.2

Action                   || total
-------------------------++-------
Melee: Unarmed           ||    17
       Bite              ||     2
       Headbutt          ||     1
 Cast: Beastly Appendage ||     2
  Use: Scroll            ||     1
       Potion            ||     1
 Stab: Invisible         ||     1
  Eat: Chunk             ||     4
Armor: Skin              ||     3
Dodge: Dodged            ||    19
